[Event "Team 45 45 League T38"]
[Site "Internet Chess Club"]
[Date "2008.08.03"]
[Round "2"]
[White "RONENOSH9"]
[Black "menorca"]
[Result "1/2-1/2"]
[WhiteElo "2117"]
[BlackElo "2132"]
[Opening "Four knights: Spanish, classical defense"]
[ECO "C48"]
[Time "09:50:29"]
[TimeControl "2700+45"]

1. e4 e5 2. Nf3 Nf6 3. Nc3 Nc6 4. Bb5 Bc5 5. Nxe5 Nxe5 6. d4 Bd6 7. dxe5 Bxe5 8.
O-O c6 9. Bd3 d6 10. h3 Bxc3 11. bxc3 Qa5 12. Bf4 Qc5 13. Rb1 O-O 14. Re1 Re8
15. Qf3 Nd7 16. Qg3 Ne5 17. Bh6 Ng6 18. Be3 Qxc3 19. Qxd6 Qe5 20. Qxe5 Rxe5 21.
f4 Ra5 22. Bc4 b5 23. Bb3 Be6 24. Re2 Rd8 25. Kf2 c5 26. Bd2 Ra6 27. Bxe6 fxe6
28. Rxb5 Rxa2 29. Rxc5 Rd7 30. Be3 Kf7 31. Rd2 Rxd2+ 32. Bxd2 Nf8 33. Rc7+ Ke8
34. Ke3 Nd7 35. g4 g6 36. Rc6 Kf7 37. Rc7 Ke8 38. Rc8+ Kf7 39. h4 h5 40. gxh5
gxh5 41. Rh8 Rxc2 42. Rxh5 Nf6 43. Ra5 Rc7 44. Ra6 Rb7 45. Bc3 Nd7 46. Bd4 Nb6
47. h5 Kg8 48. Bxb6 axb6 49. Kd4 Kf7 50. Ra4 Kf6 51. Rb4 b5 52. Kc5 Rh7 53. Kd6
Rxh5 54. f5 Rh1 55. Rxb5 Rd1+ 56. Kc6 exf5 57. Rxf5+ Ke6 58. Kc5 Rd2 59. Kc4 Rd1
60. Rh5 Rd2 61. Rh3 Rd1 62. Rh8 Ke5 63. Re8+ Kf6 64. e5+ Kf7 {Game drawn by
mutual agreement} 1/2-1/2

[Event "Team 45 45 League T38"]
[Site "Internet Chess Club"]
[Date "2008.08.05"]
[Round "2"]
[White "Petrozjan"]
[Black "lapau"]
[Result "1-0"]
[WhiteElo "2078"]
[BlackElo "2037"]
[Opening "Catalan: closed, 5.Nf3"]
[ECO "E06"]
[Time "14:11:40"]
[TimeControl "2700+45"]

1. d4 e6 2. Nf3 Nf6 3. c4 d5 4. g3 Be7 5. Bg2 O-O 6. O-O dxc4 7. Qc2 a6 8. a4
Nc6 9. Qxc4 Qd5 10. Nbd2 Rd8 11. e3 Qxc4 12. Nxc4 Rb8 13. Nfe5 Nxe5 14. Nxe5 c5
15. dxc5 Bxc5 16. b3 Bd7 17. Rd1 Kf8 18. Bb2 Ke7 19. Rac1 b6 20. Rxd7+ Nxd7 21.
Nc6+ Kf8 22. Rd1 Be7 23. Rxd7 Rxd7 24. Nxb8 Rd1+ 25. Bf1 a5 26. Kg2 Rb1 27. Bd4
Rxb3 28. Bb5 Bb4 29. Nd7+ Ke7 30. Bxg7 Bc5 31. Bf8+ Kd8 32. Nxc5 bxc5 33. Bxc5
Kc7 34. Kf3 Rb2 35. h4 e5 36. g4 Rc2 37. Be7 Rb2 38. h5 e4+ 39. Kg2 Ra2 40. Be8
Kc8 41. g5 Kc7 42. Bxf7 Rxa4 43. g6 hxg6 44. hxg6 {Black resigns} 1-0

[Event "Team 45 45 League T38"]
[Site "Internet Chess Club"]
[Date "2008.08.04"]
[Round "2"]
[White "PopolVuh"]
[Black "DavidBarnsley"]
[Result "1/2-1/2"]
[WhiteElo "2009"]
[BlackElo "2021"]
[Opening "English: Anglo-Dutch defense"]
[ECO "A10"]
[Time "13:01:35"]
[TimeControl "2700+45"]

1. c4 f5 2. Nc3 Nf6 3. g3 e6 4. Bg2 Be7 5. d3 O-O 6. e4 fxe4 7. dxe4 Nc6 8. Nge2
Ng4 9. O-O Bc5 10. Nf4 Nxf2 11. Rxf2 Bxf2+ 12. Kxf2 e5 13. Kg1 exf4 14. gxf4 d6
15. Be3 Be6 16. Nd5 Ne7 17. Qd4 c5 18. Qd2 Nxd5 19. cxd5 Bg4 20. Qf2 Qc7 {Game
drawn by mutual agreement} 1/2-1/2

[Event "Team 45 45 League T38"]
[Site "Internet Chess Club"]
[Date "2008.07.31"]
[Round "2"]
[White "Elita499"]
[Black "tryanything"]
[Result "1-0"]
[WhiteElo "1733"]
[BlackElo "1677"]
[Opening "two knights defense: Fritz variation"]
[ECO "C57"]
[Time "18:00:07"]
[TimeControl "2700+45"]

1. e4 e5 2. Nf3 Nc6 3. Bc4 Nf6 4. Ng5 d5 5. exd5 Nd4 6. c3 b5 7. cxd4 bxc4 8.
dxe5 Nxd5 9. Nf3 Bc5 10. Qa4+ Qd7 11. Qxc4 Bb6 12. d4 O-O 13. O-O a5 14. Re1 Ba6
15. Qc2 Nb4 16. Qb3 Qc6 17. d5 Nxd5 18. Nc3 Nxc3 19. Qxc3 Qxc3 20. bxc3 Rfe8 21.
Be3 Bc4 22. Bd4 h6 23. a3 a4 24. Rab1 Bxd4 25. cxd4 Bb3 26. Nd2 Rab8 27. Nxb3
Rxb3 28. Rxb3 axb3 29. Rb1 Rb8 30. h3 Kf8 31. Kf1 Ke7 32. Ke2 Ke6 33. Kd3 Kd5
34. f3 b2 35. Kc3 c5 36. dxc5 Kxc5 37. Rxb2 Re8 38. Re2 f6 39. e6 Kd5 40. Kb4
Rb8+ 41. Kc3 Rc8+ 42. Kd2 Re8 43. e7 Kd6 44. Kc3 Kd7 45. Kd2 Kd6 46. Ke1 Kc5 47.
Kf2 Kb5 48. Kg3 Ka4 49. Kf4 g6 50. Re3 Kb5 51. g4 Kc5 52. Re4 Kd5 53. h4 Kd6 54.
h5 Rxe7 55. Rxe7 g5+ 56. Kf5 Kxe7 57. Kg6 {Black resigns} 1-0

[Event "Team 45 45 League T38"]
[Site "Internet Chess Club"]
[Date "2008.08.01"]
[Round "2"]
[White "LIVVI"]
[Black "rayngrant"]
[Result "0-1"]
[WhiteElo "1399"]
[BlackElo "1545"]
[Opening "French: advance, Paulsen attack"]
[ECO "C00"]
[Time "20:02:13"]
[TimeControl "2700+45"]

1. e4 e6 2. Nf3 d5 3. e5 c5 4. d4 Nc6 5. c3 Qc7 6. Na3 a6 7. Be2 cxd4 8. cxd4 b5
9. Nc2 Nge7 10. O-O Nf5 11. Bd2 Be7 12. Bd3 O-O 13. Rc1 Qb6 14. Bxf5 exf5 15. h3
Be6 16. Be3 f6 17. Re1 Rac8 18. Re2 Nb4 19. Nxb4 Bxb4 20. Rec2 Rc4 21. b3 Rxc2
22. Rxc2 Qb7 23. Bd2 Be7 24. Qc1 Rc8 25. Rxc8+ Qxc8 26. Kf1 g5 27. Qe1 Bf7 28.
exf6 Bxf6 29. Bxg5 Bg7 30. Qe7 h6 31. Qd8+ Qxd8 32. Bxd8 Bh5 33. Bb6 Bxf3 34.
gxf3 f4 35. Ke1 Kf7 36. Kd2 Ke6 37. Kc3 Bf8 38. b4 Be7 39. Bc5 Bd8 40. Bf8 h5
41. Bg7 Bh4 42. Bh6 Kf5 43. Kd3 Bxf2 44. a3 Bh4 45. Bg7 Be7 46. Kc3 Kg5 47. Be5
Kh4 48. Bxf4 Kxh3 49. Be5 h4 50. f4 Kg4 51. Kd3 h3 52. f5 Kxf5 53. Ke3 Bg5+ 54.
Kf3 Bf6 55. Bh2 Bxd4 56. Ke2 Bb2 57. Kd3 Bxa3 58. Kd4 Bxb4 59. Kxd5 Bd2 60. Kc5
b4 61. Kc4 a5 62. Kb3 Bf4 63. Bg1 h2 64. Bxh2 Bxh2 65. Ka4 Ke4 66. Kxa5 b3 67.
Ka4 b2 68. Ka3 b1=Q 69. Ka4 Kd4 70. Ka3 Kc4 71. Ka4 Qa2# {White checkmated} 0-1

[Event "Team 45 45 League T38"]
[Site "Internet Chess Club"]
[Date "2008.08.01"]
[Round "2"]
[White "OOB1"]
[Black "nathesh"]
[Result "1-0"]
[WhiteElo "1533"]
[BlackElo "1510"]
[Opening "Giuoco Piano"]
[ECO "C53"]
[Time "23:03:34"]
[TimeControl "2700+45"]

1. e4 e5 2. Nf3 Nc6 3. Bc4 Bc5 4. c3 d6 5. d4 exd4 6. Nxd4 Bd7 7. Be3 Qf6 8. b4
Bb6 9. a4 a5 10. b5 Ne5 11. Bb3 Ne7 12. O-O O-O 13. Qd2 Qg6 14. f3 Rad8 15. Na3
Kh8 16. Nc4 Ba7 17. Nxa5 Bc8 18. Nc4 f5 19. exf5 Nxf5 20. Nxf5 Bxe3+ 21. Nfxe3
Nxf3+ 22. Rxf3 Rxf3 23. Bc2 Qg5 24. Bd1 Rf4 25. g3 Rdf8 26. Be2 Rf2 27. Rf1
Rxf1+ 28. Nxf1 Qc5+ 29. Qe3 Qf5 30. Qd3 Qf2+ 31. Kh1 Bh3 32. Nce3 Re8 33. Bg4
Bxf1 34. Nxf1 Re1 35. Bh3 g5 36. Qd4+ Kg8 37. Qxf2 {Black resigns} 1-0

[Event "Team 45 45 League T38"]
[Site "Internet Chess Club"]
[Date "2008.08.03"]
[Round "2"]
[White "arconia"]
[Black "Fidelian"]
[Result "0-1"]
[WhiteElo "1346"]
[BlackElo "1385"]
[Opening "Philidor's defense"]
[ECO "C41"]
[Time "21:00:15"]
[TimeControl "2700+45"]

1. e4 e5 2. Nf3 d6 3. Bc4 Bg4 4. d3 Nc6 5. Bxf7+ Kxf7 6. Ng5+ Qxg5 7. Bxg5 Bxd1
8. Kxd1 h6 9. Be3 Nf6 10. Nc3 a6 11. f4 Ng4 12. Bg1 exf4 13. Kd2 g5 14. Rf1 Ke6
15. d4 Kd7 16. Nd5 Ne7 17. Nc3 c6 18. g3 Ne3 19. Bxe3 fxe3+ 20. Kxe3 Re8 21. Rf7
Kc8 22. Rhf1 Nd5+ 23. Nxd5 cxd5 24. R1f5 dxe4 25. c4 Rg8 26. R7f6 Kc7 27. c5
dxc5 28. dxc5 Kb8 29. c6 b6 30. Rd5 Bc5+ 31. Ke2 h5 32. Rd7 Rgf8 33. c7+ Kc8 34.
Rff7 Rxf7 35. Rxf7 Rf8 36. Rh7 Rf2+ 37. Kd1 Rxh2 38. a4 h4 39. gxh4 Rxh4 40. Rf7
e3 41. a5 Rb4 42. Rf5 g4 43. Rg5 Kxc7 44. axb6+ Kxb6 45. Rg6+ Kb5 46. b3 Rxb3
47. Rxg4 a5 48. Rg2 a4 49. Kc2 Bd4 50. Re2 Kb4 51. Re1 a3 52. Rc1 a2 53. Rd1
a1=Q 54. Rxd4+ Qxd4 55. Kc1 Qd2# {White checkmated} 0-1

[Event "Team 45 45 League T38"]
[Site "Internet Chess Club"]
[Date "2008.08.02"]
[Round "2"]
[White "parrot9"]
[Black "jordifp"]
[Result "1-0"]
[WhiteElo "1736"]
[BlackElo "1537"]
[Opening "Scotch gambit: Benima defense"]
[ECO "C44"]
[Time "07:17:32"]
[TimeControl "2700+45"]

1. e4 e5 2. Nf3 Nc6 3. d4 exd4 4. Bc4 Be7 5. Nxd4 Nf6 6. Nc3 Nxd4 7. Qxd4 d6 8.
Be3 Be6 9. O-O-O a6 10. Bxe6 fxe6 11. h3 c5 12. Qd2 Qc7 13. g4 O-O-O 14. g5 Nd7
15. f4 Nb6 16. Qg2 Nc4 17. Bf2 d5 18. Qg4 Qb6 19. b3 d4 20. Nd5 Qa5 21. Nxe7+
Kb8 22. bxc4 Qa3+ 23. Kb1 Rd6 24. Rd3 Rb6+ 25. Rb3 Rxb3+ 26. cxb3 Rd8 27. Qxe6
Qa5 28. Qe5+ Ka8 29. Be1 Qb6 {Black resigns} 1-0

[Event "Team 45 45 League T38"]
[Site "Internet Chess Club"]
[Date "2008.08.04"]
[Round "2"]
[White "pedrin"]
[Black "ElmerHo"]
[Result "1-0"]
[WhiteElo "1570"]
[BlackElo "1626"]
[Opening "Scotch: Potter variation"]
[ECO "C45"]
[Time "13:55:21"]
[TimeControl "2700+45"]

1. e4 e5 2. Nf3 Nc6 3. d4 exd4 4. Nxd4 Bc5 5. Nb3 Bb6 6. Nc3 Qf6 7. Qe2 Nge7 8.
Nd5 Nxd5 9. exd5+ Ne7 10. c4 d6 11. Be3 Bxe3 12. fxe3 O-O 13. Qf2 Qe5 14. Bd3
Bf5 15. O-O-O a6 16. Bxf5 Qxf5 17. Rhf1 Qxf2 18. Rxf2 Ng6 19. Na5 Ne5 20. Nxb7
Nxc4 21. e4 Rab8 22. Rd4 Ne3 23. Na5 Ng4 24. Rc2 Rb5 25. Nc6 f6 26. Ne7+ Kh8 27.
Rxc7 g6 28. h3 Ne5 29. Ra7 Rfb8 30. b3 R5b7 31. Rxb7 Rxb7 32. Nc6 Rc7 33. Kb2
Nxc6 34. Rc4 Kg7 35. Rxc6 Re7 36. Rxd6 Rxe4 37. Rxa6 Re2+ 38. Kc3 Rxg2 39. d6
Re2 40. d7 {Black resigns} 1-0

[Event "Team 45 45 League T38"]
[Site "Internet Chess Club"]
[Date "2008.08.01"]
[Round "2"]
[White "civilization"]
[Black "Camalleo"]
[Result "1-0"]
[WhiteElo "1597"]
[BlackElo "1599"]
[Opening "Sicilian: Alapin's variation (2.c3)"]
[ECO "B22"]
[Time "19:02:26"]
[TimeControl "2700+45"]

1. e4 c5 2. c3 e6 3. d4 cxd4 4. cxd4 d5 5. e5 a6 6. Nf3 Ne7 7. Nc3 Nf5 8. Bd3
Bb4 9. Bxf5 exf5 10. O-O O-O 11. Bd2 Ba5 12. Qb3 Be6 13. Qxb7 Nd7 14. Qb3 Nb6
15. Rac1 Nc4 16. Qc2 Rc8 17. Bg5 Qd7 18. Nd2 Bb6 19. Nxc4 Rxc4 20. b3 Rc6 21.
Qd3 Rfc8 22. Ne2 f4 23. Bxf4 Bf5 24. Qd2 Qe6 25. Rxc6 Rxc6 26. Rc1 Rxc1+ 27.
Nxc1 Qg6 28. Ne2 Bh3 29. Bg3 Bf5 30. h3 Bd3 31. Nf4 Qf5 32. Qxd3 Qxd3 33. Nxd3
Bxd4 34. Nb4 a5 35. Nxd5 {Black resigns} 1-0

[Event "Team 45 45 League T38"]
[Site "Internet Chess Club"]
[Date "2008.08.03"]
[Round "2"]
[White "alexdb"]
[Black "SuperPeon"]
[Result "0-1"]
[WhiteElo "2017"]
[BlackElo "2181"]
[Opening "King's pawn opening"]
[ECO "B07"]
[Time "16:31:08"]
[TimeControl "2700+45"]

1. e4 d6 2. g3 g6 3. Bg2 Bg7 4. Ne2 c5 5. O-O Nc6 6. Nbc3 e6 7. d3 Nge7 8. Be3
O-O 9. Qd2 Nd4 10. Rab1 Nec6 11. a3 a5 12. Nf4 Rb8 13. Nd1 b5 14. c3 Nb3 15. Qc2
a4 16. Ne2 Bd7 17. Nc1 Nxc1 18. Qxc1 b4 19. f4 Qc8 20. e5 Na5 21. d4 Nb3 22. Qc2
cxd4 23. Bf2 bxa3 24. bxa3 dxe5 25. fxe5 {White resigns} 0-1

[Event "Team 45 45 League T38"]
[Site "Internet Chess Club"]
[Date "2008.08.04"]
[Round "2"]
[White "BrooklynDonnie"]
[Black "Flying-Tiger"]
[Result "1/2-1/2"]
[WhiteElo "2179"]
[BlackElo "1940"]
[Opening "Sicilian: accelerated fianchetto, modern variation with Bc4"]
[ECO "B35"]
[Time "20:06:19"]
[TimeControl "2700+45"]

1. e4 c5 2. Nf3 g6 3. d4 cxd4 4. Nxd4 Nc6 5. Nc3 Bg7 6. Be3 Nf6 7. Bc4 O-O 8.
O-O Nxe4 9. Nxe4 d5 10. Nxc6 bxc6 11. Bd3 dxe4 12. Bxe4 Ba6 13. Qxd8 Rfxd8 14.
Rfb1 Rdc8 15. c3 f5 16. Bc2 Bc4 17. Bc5 e5 18. Rd1 Bd5 19. Rd2 Bh6 20. Rd3 e4
21. Rdd1 Bg7 22. Bb3 Rab8 23. c4 Be6 24. Bxa7 Bxb2 25. Rab1 Rb7 26. Rxb2 Rxa7
27. Kf1 Rb7 28. Rd6 Kf7 29. Ke2 Kf6 30. c5 Re7 31. Ba4 Rec7 32. Rb6 Ke5 33. Bxc6
Bxa2 34. g3 Re7 35. Ke3 Re6 36. h4 Rxd6 37. cxd6 Rd8 38. d7 Be6 39. f4+ exf3 40.
Rb7 f2 41. Kxf2 Kd6 42. Rb6 Kc7 43. Ra6 Bxd7 44. Bxd7 Rxd7 45. h5 gxh5 46. Ke3
{Game drawn by mutual agreement} 1/2-1/2

[Event "Team 45 45 League T38"]
[Site "Internet Chess Club"]
[Date "2008.08.03"]
[Round "2"]
[White "Wheels"]
[Black "fishhead"]
[Result "1-0"]
[WhiteElo "1878"]
[BlackElo "1910"]
[Opening "Alekhine's defense: exchange variation"]
[ECO "B03"]
[Time "19:56:31"]
[TimeControl "2700+45"]

1. e4 Nf6 2. e5 Nd5 3. d4 d6 4. c4 Nb6 5. exd6 cxd6 6. Nc3 g6 7. Nf3 Bg7 8. Be3
O-O 9. Be2 Nc6 10. O-O Bg4 11. b3 d5 12. c5 Nc8 13. h3 Bxf3 14. Bxf3 e6 15. Qd2
N8e7 16. a3 Nf5 17. Ne2 Nh4 18. Bg4 f5 19. Bg5 Bf6 20. Bxh4 Bxh4 21. Bf3 a5 22.
Rfe1 Bf6 23. Rad1 Qd7 24. Qc2 Rfe8 25. Rd2 Qg7 26. Red1 Nd8 27. Qc3 Nf7 28. Qd3
Ng5 29. Nc3 Ne4 30. Rc2 Red8 31. Be2 Qc7 32. Nb5 Qf4 33. Qf3 Qh4 34. Nc7 Rac8
35. Nxe6 Rd7 36. Bb5 Re7 37. Nf4 Rd8 38. g3 Qh6 39. Kg2 Qg7 40. Ne2 Ng5 41. Qd3
Re4 42. c6 bxc6 43. Bxc6 Ne6 44. f3 Rxd4 45. Nxd4 Nxd4 46. Rc5 Qf7 47. Ba4 f4
48. g4 Re8 49. Bxe8 {Black resigns} 1-0

[Event "Team 45 45 League T38"]
[Site "Internet Chess Club"]
[Date "2008.08.01"]
[Round "2"]
[White "pishd"]
[Black "Philly-Boy"]
[Result "0-1"]
[WhiteElo "1811"]
[BlackElo "1865"]
[Opening "Queen's pawn, Mason variation"]
[ECO "D00"]
[Time "14:04:12"]
[TimeControl "2700+45"]

1. d4 d5 2. Bf4 Nc6 3. e3 Nf6 4. c4 Bg4 5. f3 Bh5 6. Nc3 e6 7. Qb3 Bb4 8. Rc1
O-O 9. a3 Bxc3+ 10. Rxc3 Na5 11. Qa2 c6 12. b4 Nxc4 13. Bxc4 dxc4 14. Rxc4 Nd5
15. Ne2 g5 16. e4 Nxf4 17. Nxf4 gxf4 {White resigns} 0-1

[Event "Team 45 45 League T38"]
[Site "Internet Chess Club"]
[Date "2008.08.03"]
[Round "2"]
[White "therealwizard"]
[Black "trophyking"]
[Result "1-0"]
[WhiteElo "2165"]
[BlackElo "2256"]
[Opening "Sicilian: Alapin's variation (2.c3)"]
[ECO "B22"]
[Time "20:46:37"]
[TimeControl "2700+45"]

1. e4 c5 2. c3 d5 3. exd5 Qxd5 4. d4 cxd4 5. cxd4 Nc6 6. Nf3 e5 7. Nc3 Bb4 8.
Bd2 Bxc3 9. Bxc3 e4 10. Ne5 Nxe5 11. dxe5 Ne7 12. Be2 O-O 13. O-O Bf5 14. Qa4
Qe6 15. Rfd1 Qg6 16. Rac1 Nc6 17. Rd6 Qg5 18. Rcd1 Rfe8 19. Qb5 Rab8 20. Qd5 h5
21. Bc4 Re7 22. Bd2 Qg4 23. Re1 Be6 24. Rxe6 Rxe6 25. Bc3 Rd8 26. h3 Qf5 27.
Qxe4 Qxe4 28. Rxe4 Re7 29. f4 Rde8 30. g4 hxg4 31. hxg4 g5 32. Kf2 gxf4 33. Rxf4
Nd8 34. Rf6 Ne6 35. Kf3 Kg7 36. Ke4 Rh8 37. Bb4 Ree8 38. Bd5 Rh2 39. Bc3 b6 40.
Bc4 Rg2 41. Kf3 Rh2 42. Ke4 Rh6 43. Rf1 Rg6 44. Be2 Rd8 45. Ke3 Rh6 46. Bc4 Rh3+
47. Ke4 Rg3 48. Kf5 Nd4+ 49. Kf4 Rg2 50. e6 fxe6 51. Rd1 e5+ 52. Kxe5 Nc6+ 53.
Kf5+ Kf8 54. Rh1 Nd4+ 55. Kg5 Nf3+ 56. Kf6 Nh2 57. Bb4+ Ke8 58. Bb5+ Rd7 59. Ke6
{Black resigns} 1-0

[Event "Team 45 45 League T38"]
[Site "Internet Chess Club"]
[Date "2008.08.02"]
[Round "2"]
[White "FriedEggs"]
[Black "decox"]
[Result "0-1"]
[WhiteElo "1899"]
[BlackElo "2024"]
[Opening "QGD semi-Slav"]
[ECO "D43"]
[Time "11:00:10"]
[TimeControl "2700+45"]

1. d4 d5 2. c4 c6 3. Nc3 Nf6 4. Nf3 e6 5. Bg5 h6 6. Bh4 dxc4 7. e4 g5 8. Bg3 b5
9. Be2 Bb7 10. h4 g4 11. Ne5 h5 12. f3 Nbd7 13. fxg4 hxg4 14. O-O Nxe5 15. Bxe5
Rh6 16. Bf4 Rh7 17. Bg5 Be7 18. e5 Nd5 19. Ne4 Bxg5 20. hxg5 Qb6 21. Nd6+ Ke7
22. Qd2 g3 23. Bh5 Rah8 24. Rxf7+ Rxf7 25. Bxf7 c5 26. g6 cxd4 27. Qg5+ Kd7 28.
Be8+ Kc7 29. Nxb5+ Kb8 30. Qg4 d3+ 31. Nd4 Rxe8 32. g7 Rg8 33. Rf1 Qc5 34. Rf7
d2 35. Kh1 Ne3 36. Nxe6 Bxg2+ {White resigns} 0-1

[Event "Team 45 45 League T38"]
[Site "Internet Chess Club"]
[Date "2008.08.05"]
[Round "2"]
[White "dmcheng"]
[Black "dalfonso"]
[Result "1-0"]
[WhiteElo "1526"]
[BlackElo "1867"]
[Opening "Sicilian: closed"]
[ECO "B24"]
[Time "20:30:47"]
[TimeControl "2700+45"]

1. e4 c5 2. Nc3 g6 3. g3 Bg7 4. Bg2 Nc6 5. d3 Nf6 6. Nge2 O-O 7. O-O d6 8. h3
Rb8 9. Be3 b5 10. Qd2 Bd7 11. Bh6 b4 12. Nd5 e6 13. Bxg7 Kxg7 14. Ne3 Ne8 15.
Ng4 Nf6 16. Ne3 a5 17. f4 Nd4 18. g4 Nxe2+ 19. Qxe2 Bc6 20. h4 Nd7 21. h5 f5 22.
hxg6 hxg6 23. gxf5 exf5 24. exf5 Bxg2 25. Qxg2 Qf6 26. Rf3 Rg8 27. fxg6 Qxb2 28.
Nf5+ Kf8 29. g7+ Kf7 30. Nh6+ Ke8 31. Re1+ Kd8 32. Nxg8 {Black resigns} 1-0

[Event "Team 45 45 League T38"]
[Site "Internet Chess Club"]
[Date "2008.08.01"]
[Round "2"]
[White "az2112"]
[Black "mickeys"]
[Result "0-1"]
[WhiteElo "1698"]
[BlackElo "1850"]
[Opening "French: Tarrasch, Guimard variation"]
[ECO "C04"]
[Time "21:00:31"]
[TimeControl "2700+45"]

1. e4 e6 2. d4 d5 3. Nd2 Nc6 4. Ngf3 Nge7 5. c3 Ng6 6. h4 h5 7. Qc2 Be7 8. g3 e5
9. exd5 Qxd5 10. Bc4 Qd7 11. O-O exd4 12. Re1 dxc3 13. bxc3 Kf8 14. a4 b6 15.
Qa2 Nd8 16. Ne4 Bb7 17. Neg5 f6 18. Be6 Qd6 19. Nf7 Nxf7 20. Bxf7 Ne5 21. Nxe5
fxe5 22. Qe6 Qxe6 23. Bxe6 Bf6 24. Ba3+ c5 25. a5 Ke7 26. Bh3 Bf3 27. Bg2 Bxg2
28. Kxg2 Ke6 29. f4 Kf5 30. axb6 axb6 31. fxe5 Bxe5 32. Rf1+ Kg6 33. Bb2 Rxa1
34. Bxa1 Ra8 35. Rb1 b5 36. Rxb5 Rxa1 37. Rxc5 Kf6 38. c4 Ra3 39. Rc6+ Kf5 40.
g4+ Kxg4 41. Rg6+ Kf5 42. Rg5+ Kf6 43. Rxh5 Rc3 44. Rh8 Rxc4 45. h5 Rh4 46. Kf3
Kg5 47. Kg2 g6 48. Re8 Bf6 49. hxg6 Kxg6 50. Kf3 Kf5 51. Kg3 Rg4+ 52. Kf3 Rb4
53. Re3 Bg5 54. Ra3 Bf4 55. Ra5+ Be5 56. Ra3 Rh4 57. Ra5 Rh3+ 58. Kg2 Rc3 59.
Rb5 Ke4 60. Rb4+ Bd4 61. Rb8 Rd3 62. Re8+ Be5 63. Kf2 Rd2+ 64. Kg1 Kf4 65. Rg8
Kf3 66. Kh1 Bf4 67. Rg2 Rd8 68. Rf2+ Ke3 69. Kg2 Rg8+ 70. Kh1 Bg3 71. Rg2 Kf3
72. Ra2 Bf2 73. Ra3+ Be3 74. Ra2 Rd8 75. Ra3 Rh8# {White checkmated} 0-1

[Event "Team 45 45 League T38"]
[Site "Internet Chess Club"]
[Date "2008.08.02"]
[Round "2"]
[White "cityprosecutor"]
[Black "Manch"]
[Result "0-1"]
[WhiteElo "1816"]
[BlackElo "1506"]
[Opening "Sicilian defense"]
[ECO "B20"]
[Time "07:59:20"]
[TimeControl "2700+45"]

1. e4 c5 2. d3 Nc6 3. g3 g6 4. Bg2 Bg7 5. f4 d6 6. Nf3 Nf6 7. O-O O-O 8. Nbd2
Rb8 9. a4 a6 10. Nc4 d5 11. exd5 Nxd5 12. a5 Nd4 13. c3 Nf5 14. g4 Nd6 15. Nfe5
Nxc4 16. Nxc4 e6 17. Qf3 b5 18. axb6 Nxb6 19. Na5 Qc7 20. f5 Be5 21. Bf4 Bxf4
22. Qxf4 Qxf4 23. Rxf4 Nd5 24. Rf2 Rb6 25. Nc4 Rc6 26. Ra5 Rc7 27. Nd6 Nf6 28.
h3 exf5 29. gxf5 Bxf5 30. Nxf5 gxf5 31. Rxf5 Nd7 32. Rxa6 Rb8 33. Bd5 Nf8 34. b3
Ne6 35. Ra8 Rxa8 36. Bxa8 Rd7 37. Rd5 Rxd5 38. Bxd5 Nf4 39. Be4 Nxh3+ 40. Kg2
Ng5 41. b4 Nxe4 42. dxe4 cxb4 43. cxb4 Kf8 44. Kh3 Ke7 45. Kg4 Kd6 46. Kh5 Ke5
47. b5 Kd6 48. e5+ Kxe5 49. b6 Kd6 {White resigns} 0-1

[Event "Team 45 45 League T38"]
[Site "Internet Chess Club"]
[Date "2008.08.01"]
[Round "2"]
[White "Chess2Play"]
[Black "ElMarginal"]
[Result "1-0"]
[WhiteElo "1571"]
[BlackElo "1491"]
[Opening "QGD semi-Slav"]
[ECO "D43"]
[Time "20:02:54"]
[TimeControl "2700+45"]

1. d4 Nf6 2. c4 d5 3. Nc3 c6 4. Nf3 e6 5. Bg5 Be7 6. e3 Nbd7 7. Bd3 dxc4 8. Bxc4
Nb6 9. Bd3 Nbd5 10. O-O O-O 11. Rc1 Nxc3 12. Rxc3 Nd5 13. Bxe7 Nxc3 14. Qc2 Qxe7
15. bxc3 g6 16. Ne5 Kg7 17. c4 f6 18. Nf3 e5 19. dxe5 fxe5 20. Qb2 Rxf3 21. gxf3
Bh3 22. Kh1 Bxf1 23. Bxf1 b6 24. f4 Re8 25. Bg2 Qc5 26. fxe5 Rxe5 27. f4 Qxe3
28. Qxe5+ Qxe5 29. fxe5 Kf7 30. Bh3 b5 31. cxb5 cxb5 32. Kg2 a5 33. Kf3 b4 34.
Ke3 a4 35. Kd3 b3 36. axb3 axb3 37. Kc3 h5 38. Kxb3 g5 39. Bc8 Ke7 40. h3 Kd8
41. Bf5 Ke7 42. Kc3 Kf7 43. Kd4 Ke7 44. Kd5 h4 45. Bg4 {Black resigns} 1-0

[Event "Team 45 45 League T38"]
[Site "Internet Chess Club"]
[Date "2008.08.02"]
[Round "2"]
[White "theartist"]
[Black "Toalla"]
[Result "1-0"]
[WhiteElo "1214"]
[BlackElo "1174"]
[Opening "King's Indian: Averbakh system"]
[ECO "E73"]
[Time "12:34:59"]
[TimeControl "2700+45"]

1. d4 Nf6 2. c4 g6 3. Nc3 Bg7 4. e4 d6 5. Be2 O-O 6. Bg5 Nbd7 7. Qd2 Re8 8. Nf3
e5 9. d5 c5 10. dxc6 bxc6 11. Qxd6 Re6 12. Qd2 Qc7 13. O-O Bb7 14. h3 Rd8 15.
Rad1 Re7 16. Qd6 Qxd6 17. Rxd6 Re6 18. Rfd1 Rxd6 19. Rxd6 Ne8 20. Rd2 f6 21. Be3
a6 22. Bb6 Nxb6 23. Rxd8 Kf8 24. Rb8 {Black resigns} 1-0

[Event "Team 45 45 League T38"]
[Site "Internet Chess Club"]
[Date "2008.08.05"]
[Round "2"]
[White "sra66"]
[Black "ollo"]
[Result "1-0"]
[WhiteElo "1583"]
[BlackElo "1832"]
[Opening "King's Indian: Andersson variation"]
[ECO "E92"]
[Time "19:27:33"]
[TimeControl "2700+45"]

1. d4 Nf6 2. c4 g6 3. Nc3 Bg7 4. e4 d6 5. Nf3 O-O 6. Be2 e5 7. dxe5 dxe5 8. Qxd8
Rxd8 9. Bg5 Re8 10. O-O Nc6 11. Rfd1 Be6 12. Bxf6 Bxf6 13. Nd5 Bxd5 14. cxd5 Nd4
15. Nxd4 exd4 16. Bd3 Kg7 17. f4 h5 18. e5 Bh4 19. g3 Be7 20. Rac1 Rac8 21. Bb1
b6 22. a3 Red8 23. Ba2 a5 24. Rc6 Bc5 25. Kg2 a4 26. Bc4 Rd7 27. Kf3 Rdd8 28.
Ke4 Rd7 29. Bb5 Re7 30. Bxa4 Rd7 31. Rxc5 Rdd8 32. Rc6 g5 33. Rxd4 g4 34. f5 Re8
35. f6+ Kg6 36. Kf4 h4 37. Kxg4 Rxe5 38. gxh4 Kh6 39. Bb3 Re3 40. Bc4 Rg8+ 41.
Kf5 Rg2 42. Rxc7 b5 43. Bxb5 Rxb2 44. Ba4 Rf3+ 45. Rf4 Rxf4+ 46. Kxf4 Rxh2 47.
Kg4 Rd2 48. Bc6 Kg6 49. h5+ Kxf6 50. Kf4 Rd4+ 51. Ke3 Rh4 52. d6 Rxh5 53. d7
Rh3+ 54. Kd4 Rh4+ 55. Kc5 Rh8 56. Kd6 Rd8 57. Rc8 Rxd7+ 58. Bxd7 Kg5 59. a4 Kf4
60. a5 Ke3 61. a6 Ke4 62. a7 f5 63. a8=Q+ {Black resigns} 1-0

[Event "Team 45 45 League T38"]
[Site "Internet Chess Club"]
[Date "2008.08.03"]
[Round "2"]
[White "GadsHill"]
[Black "oldsj"]
[Result "0-1"]
[WhiteElo "1549"]
[BlackElo "1620"]
[Opening "King's Indian: Petrosian system, Keres variation"]
[ECO "E93"]
[Time "13:00:39"]
[TimeControl "2700+45"]

1. d4 Nf6 2. c4 g6 3. Nc3 Bg7 4. e4 d6 5. Nf3 O-O 6. Be2 e5 7. d5 Nbd7 8. Bg5 h6
9. Bh4 g5 10. Bg3 Nh5 11. h4 Nxg3 12. fxg3 g4 13. Nd2 h5 14. O-O Nc5 15. Qc2 Bh6
16. b4 Na6 17. Rab1 f6 18. Na4 Rf7 19. c5 Nb8 20. Nc4 Qf8 21. Nd2 f5 22. cxd6
cxd6 23. Rbc1 Bd7 24. b5 fxe4 25. Rxf7 Qxf7 26. Nxe4 Bxc1 27. Qxc1 Qg6 28. Bd3
Bf5 29. Ng5 Nd7 30. Bxf5 Qxf5 31. Ne6 Nf8 32. Ng5 Rc8 33. Qf1 Qxf1+ 34. Kxf1 Nh7
35. Ne4 Rc2 36. Nac3 Kg7 37. Ne2 Rxa2 38. Nxd6 Nf6 39. Nxb7 Nxd5 40. Nd6 Rb2 41.
Ke1 e4 42. Nxe4 Rxb5 43. Nd6 Rb2 44. Nc4 Ra2 45. Nd2 Kf6 46. Nf4 Nxf4 47. gxf4
Ke6 48. g3 Kd5 49. Ke2 a5 50. Kd3 Ra3+ {White resigns} 0-1

[Event "Team 45 45 League T38"]
[Site "Internet Chess Club"]
[Date "2008.07.31"]
[Round "2"]
[White "beerss"]
[Black "cysk"]
[Result "0-1"]
[WhiteElo "1422"]
[BlackElo "1458"]
[Opening "Bird: From gambit"]
[ECO "A02"]
[Time "20:19:49"]
[TimeControl "2700+45"]

1. f4 e5 2. fxe5 d6 3. Nf3 g5 4. e4 g4 5. d4 gxf3 6. Qxf3 dxe5 7. dxe5 Be6 8.
Nc3 a6 9. Bd2 Nc6 10. O-O-O Nxe5 11. Bf4 Nxf3 12. Rxd8+ Rxd8 13. gxf3 Bh6 14.
Bxh6 Nxh6 15. Bd3 b5 16. b3 Ke7 17. Kb2 Rdg8 18. h3 Rg3 19. e5 Rxf3 20. h4 Re3
21. Ne4 Bf5 22. Nc5 Bxd3 23. Nxd3 Ng4 24. Nf4 Rxe5 25. Rd1 Rd8 26. Rf1 Rf5
{White resigns} 0-1